AoeStats
← Jacks story

Oasis

509157183Analyzed
4v4 RM · 8d ago on Sep 25, 2026· 33m 55s· 8 players
Game mode
Random Map
Map size
Large (8 player)
Population
200
Speed
Normal
Resources
Standard
Victory
Conquest
Starting age
Dark Age
Ending age
Imperial Age
RankedLock teamsTeams togetherTeam positionsShared explorationLock speedFull tech treeHidden civsTurbo modeCheats
Victory
Defeat
🇵🇪 Dravidians · Peru
1307
+13
🇪🇸 Burmese · Spain
1295
+13
🇳🇱 Bulgarians · Netherlands
1278
+14
🇺🇸 Romans · United States
1262
+14
🇺🇸 Spanish · United States
1550
-25
🇦🇺 Magyars · Australia
1160
-11
🇺🇸 Bengalis · United States
1110
-9
🇸🇪 Khitans · Sweden
1100
-9
im a cute female irl
7:35 Loom
9:57 Feudal Age
10:00 Man-at-Arms
13:09 Scale Mail Armor
14:29 Wheelbarrow
14:15 Horse Collar
24:40 Castle Age
22:56 Gold Mining
25:35 Double-Bit Axe
30:53 Imperial Age
29:11 Bow Saw
33:00 Gold Shaft Mining
32:15 Stone Mining
M.Gallego
7:06 Loom
9:37 Feudal Age
14:53 Forging
16:30 Bloodlines
21:33 Castle Age
22:12 Scale Barding Armor
22:19 Husbandry
29:12 Iron Casting
Cosmonaut
8:36 Loom
11:12 Feudal Age
11:47 Double-Bit Axe
11:43 Horse Collar
19:19 Castle Age
19:25 Scale Barding Armor
19:30 Forging
19:35 Bloodlines
24:49 Fletching
24:54 Gold Mining
32:59 Stone Mining
Dr. House
4:20 Loom
10:21 Feudal Age
11:45 Double-Bit Axe
11:57 Gold Mining
16:46 Fletching
18:35 Padded Archer Armor
25:39 Castle Age
24:29 Stone Mining
26:54 Bow Saw
26:11 Crossbowman
27:00 Thumb Ring
26:54 Horse Collar
29:33 Wheelbarrow
30:06 Ballistics
29:43 Bodkin Arrow
31:05 Hand Cart
32:33 Leather Archer Armor
32:32 Town Watch
Jacks story
7:15 Loom
11:53 Feudal Age
35:35 Castle Age
twitch.tv/s0laf1d3
4:40 Loom
9:51 Feudal Age
13:53 Forging
14:38 Scale Barding Armor
15:49 Bloodlines
15:59 Double-Bit Axe
27:02 Castle Age
24:50 Horse Collar
26:22 Wheelbarrow
25:39 Gold Mining
27:03 Light Cavalry
27:44 Husbandry
28:11 Chain Barding Armor
29:03 Iron Casting
32:43 Town Watch
33:34 Fletching
Rullandebulle
4:21 Loom
12:12 Feudal Age
13:15 Double-Bit Axe
15:03 Forging
14:59 Scale Barding Armor
14:46 Domestication
18:34 Wheelbarrow
20:01 Town Watch
25:04 Castle Age
24:17 Scale Mail Armor
25:22 Gold Mining
26:02 Hand Cart
26:33 Bow Saw
25:58 Light Cavalry
26:01 Pikeman
27:30 Bow Saw
28:00 Iron Casting
28:53 Town Patrol
30:35 Stone Mining
31:33 Pastoralism
grapejuice
7:05 Loom
9:26 Feudal Age
10:12 Double-Bit Axe
17:55 Wheelbarrow
21:29 Castle Age
19:52 Scale Barding Armor
19:50 Gold Mining
20:54 Bloodlines
22:30 Chain Barding Armor
22:19 Husbandry
Connection lost

Rejoining the realm…

Still unreachable

The connection could not be restored.

Session expired

The server has moved on; the page needs a fresh start.